AoeStats
← Shredded_Pork

Arena

509273439Analyzed
4v4 RM · 6d ago on Sep 26, 2026· 47m 55s· 8 players
Game mode
Random Map
Map size
Large (8 player)
Population
200
Speed
Normal
Resources
Standard
Victory
Conquest
Starting age
Dark Age
Ending age
Imperial Age
RankedLock teamsTeams togetherTeam positionsShared explorationLock speedFull tech treeHidden civsTurbo modeCheats
Victory
Defeat
🇨🇳 Bohemians · China
870
+9
🇨🇳 Khmer · China
823
+10
🇮🇩 Huns · Indonesia
793
+12
🇨🇳 Spanish · China
731
+14
🇺🇸 Franks · United States
757
-13
🇺🇸 Spanish · United States
736
-13
🇺🇸 Aztecs · United States
664
-10
🇺🇸 Persians · United States
620
-9
FunkyBiz
0:36 Loom
12:04 Feudal Age
13:47 Wheelbarrow
13:03 Double-Bit Axe
13:13 Horse Collar
19:07 Gold Mining
22:13 Castle Age
20:34 Forging
22:19 Scale Mail Armor
23:15 Hand Cart
23:35 Bow Saw
25:03 Heavy Plow
25:54 Iron Casting
25:40 Chain Mail Armor
26:10 Squires
25:57 Arson
39:13 Imperial Age
37:03 Pikeman
37:05 Eagle Warrior
37:56 Padded Archer Armor
37:47 Fletching
38:26 Sanctity
38:18 Fervor
38:50 Gold Shaft Mining
38:06 Stone Mining
39:22 Fortified Wall
39:34 Ballistics
38:56 Treadmill Crane
39:13 Murder Holes
40:40 Crop Rotation
40:52 Stone Shaft Mining
40:23 Devotion
40:54 Illumination
41:23 Plate Mail Armor
41:53 Theocracy
41:35 Block Printing
41:43 Atonement
DatJitDamien
5:26 Loom
13:57 Feudal Age
17:00 Double-Bit Axe
17:57 Horse Collar
21:15 Wheelbarrow
23:47 Castle Age
24:51 Bow Saw
24:43 Heavy Plow
26:18 Gold Mining
26:21 Stone Mining
27:10 Hand Cart
27:32 Town Watch
RoyalPain
1:00 Loom
12:39 Feudal Age
18:17 Castle Age
16:07 Double-Bit Axe
19:19 Wheelbarrow
22:08 Stone Mining
22:13 Gold Mining
24:26 Bow Saw
27:08 Fletching
28:27 Scale Barding Armor
35:17 Masonry
35:07 Bodkin Arrow
38:26 Imperial Age
36:22 Elite Skirmisher
38:37 Gold Shaft Mining
39:17 Padded Archer Armor
41:41 Chemistry
run rabbit run
1:36 Loom
11:35 Feudal Age
13:04 Wheelbarrow
12:16 Double-Bit Axe
12:23 Stone Mining
12:29 Gold Mining
13:03 Horse Collar
14:40 Town Watch
20:29 Castle Age
20:32 Forging
21:39 Bow Saw
21:32 Heavy Plow
22:10 Stone Shaft Mining
22:07 Hand Cart
24:21 Town Patrol
34:38 Imperial Age
32:51 Iron Casting
32:24 Scale Barding Armor
33:09 Fortified Wall
33:59 Caravan
34:44 Bloodlines
34:40 Husbandry
35:26 Cavalier
36:51 Conscription
36:01 Light Cavalry
37:06 Chain Barding Armor
37:49 Blast Furnace
37:26 Hussar
38:00 Paladin
39:57 Plate Barding Armor
41:30 Two-Man Saw
特浪哥
10:24 Feudal Age
11:19 Horse Collar
11:27 Double-Bit Axe
17:55 Castle Age
17:13 Gold Mining
19:10 Heavy Plow
19:23 Bow Saw
20:33 Gold Shaft Mining
20:41 Loom
21:32 Wheelbarrow
26:00 Imperial Age
24:49 Hand Cart
27:58 Stone Mining
30:54 Scale Barding Armor
31:00 Forging
31:10 Elite Battle Elephant
31:51 Husbandry
32:05 Bloodlines
32:02 Husbandry
32:25 Chain Barding Armor
33:15 Iron Casting
34:18 Plate Barding Armor
36:32 Blast Furnace
36:29 Stone Shaft Mining
37:58 Tusk Swords
38:21 Conscription
41:31 Double Crossbow
41:39 Siege Engineers
41:56 Ballistics
42:36 Chemistry
41:48 Fortified Wall
43:36 Crop Rotation
44:24 Coinage
43:54 Caravan
45:34 Banking
Emanon
1:09 Loom
10:30 Feudal Age
17:15 Castle Age
20:05 Double-Bit Axe
23:19 Horse Collar
25:44 Heavy Plow
25:42 Gold Mining
26:24 Bow Saw
27:01 Marauders
28:31 Scale Barding Armor
28:47 Stone Mining
30:18 Wheelbarrow
30:34 Chain Barding Armor
32:50 Gold Shaft Mining
35:15 Imperial Age
33:07 Hand Cart
32:51 Town Watch
34:08 Town Patrol
34:11 Scale Mail Armor
34:12 Caravan
34:43 Coinage
35:43 Padded Archer Armor
35:59 Chain Mail Armor
36:03 Forging
35:43 Fletching
35:29 Elite Tarkan
37:09 Parthian Tactics
37:36 Banking
37:16 Guilds
37:10 Heavy Cavalry Archer
37:37 Sappers
38:56 Plate Barding Armor
OK旺仔
11:58 Feudal Age
12:55 Double-Bit Axe
15:49 Castle Age
15:48 Horse Collar
16:57 Bow Saw
23:58 Chemistry
24:03 Wheelbarrow
24:23 Padded Archer Armor
26:47 Leather Archer Armor
34:48 Imperial Age
32:33 Masonry
33:09 Loom
33:40 Hand Cart
33:13 Town Watch
36:47 Ring Archer Armor
36:24 Siege Engineers
36:40 Ballistics
36:53 Architecture
35:46 Houfnice
35:48 Capped Ram
40:23 Murder Holes
40:38 Fortified Wall
44:30 Squires
43:51 Pikeman
45:47 Town Patrol
46:01 Halberdier
48:15 Forging
48:06 Scale Mail Armor
Shredded_Pork
10:26 Feudal Age
11:02 Double-Bit Axe
10:59 Horse Collar
20:35 Castle Age
19:34 Stone Mining
19:35 Gold Mining
21:23 Heavy Plow
21:37 Bow Saw
23:08 Stone Shaft Mining
35:51 Imperial Age
35:23 Wheelbarrow
36:41 Hand Cart
37:59 Two-Man Saw
41:38 Scale Mail Armor
41:49 Forging
41:44 Scale Barding Armor
41:40 Padded Archer Armor
41:30 Fletching
44:01 Iron Casting
43:41 Chain Mail Armor
44:46 Ballistics
45:26 Chemistry
44:38 Caravan
44:52 Husbandry
45:02 Bloodlines
45:57 Chain Barding Armor
46:11 Conscription
Connection lost

Rejoining the realm…

Still unreachable

The connection could not be restored.

Session expired

The server has moved on; the page needs a fresh start.